 Dungeon Crawl Stone Soup version 0.28.0-45-g0d030f2227 (webtiles) character file.

Game seed: 8788097217987915016

1318 floorwaxer2 the Cleaver (level 8, -1/69 HPs)
             Began as a Minotaur Berserker on Apr 11, 2022.
             Was a Priest of Trog.
             Killed by divine providence
             ... invoked by an orc priest
              (9 damage)
             ... on level 6 of the Dungeon.
             The game lasted 01:01:30 (7063 turns).

floorwaxer2 the Cleaver (Minotaur Berserker)        Turns: 7063, Time: 01:01:30

Health: -1/69      AC: 14    Str: 23    XL:     8   Next: 33%
Magic:  7/7        EV:  9    Int: 10    God:    Trog [***...]
Gold:   53         SH:  0    Dex: 14    Spells: 7/7 levels left

rFire   x . .      SeeInvis .   A - +2 war axe of Zidentew {vorpal, Int+6}
rCold   + + .      Faith    .   (no shield)
rNeg    . . .      Spirit   .   j - +2 chain mail {Will+}
rPois   .          Reflect  .   g - +1 hat "Xepyelu" {Dex+3}
rElec   .          Harm     .   (no cloak)
rCorr   .          Rampage  .   (no gloves)
Will    +....                   i - +0 pair of boots
Stlth   ..........              p - amulet of magic regeneration
HPRegen 0.21/turn               q - ring of ice
MPRegen 0.50/turn               b - ring of protection from cold

@: no status effects
A: horns 2, retaliatory headbutt
a: Renounce Religion, Berserk, Trog's Hand


You were on level 6 of the Dungeon.
You worshipped Trog.
Trog was most pleased with you.
You visited 2 branches of the dungeon, and saw 7 of its levels.

You collected 228 gold pieces.
You spent 175 gold pieces at shops.

Inventory:

Hand Weapons
 A - the +2 war axe of Zidentew (weapon) {vorpal, Int+6}
   (You found it on level 6 of the Dungeon)

   It inflicts extra damage upon your enemies.
   Int:       It affects your intelligence (+6).
Missiles
 c - 167 stones (quivered)
 u - 52 arrows
 w - 36 bolts
Armour
 g - the +1 hat "Xepyelu" (worn) {Dex+3}
   (You acquired it on level 3 of the Dungeon)

   Dex:       It affects your dexterity (+3).
 i - a +0 pair of boots (worn)
 j - a +2 chain mail of willpower (worn)
Jewellery
 b - a ring of protection from cold (right hand)
 p - an amulet of magic regeneration (around neck)
 q - a ring of ice (left hand)
 r - an amulet of guardian spirit
 y - a ring of magical power
Wands
 z - a wand of digging (1)
Scrolls
 a - a scroll of fog {unknown}
 f - 3 scrolls of teleportation
 n - 2 scrolls of identify
 x - a scroll of immolation {unknown}
Potions
 d - a potion of cancellation {unknown}
 e - a potion of flight {unknown}
 h - a potion of resistance {unknown}
 k - 2 potions of mutation
 m - 2 potions of curing
 s - a potion of heal wounds
 t - 2 potions of haste
 v - a potion of brilliance {unknown}


   Skills:
 + Level 5.5 Fighting
 + Level 9.5 Axes
 + Level 6.9 Armour
 + Level 3.4 Dodging
 + Level 0.5 Stealth


You had 7 spell levels left.
You didn't know any spells.
Your spell library contained the following spells:

 Spells                   Type           Power      Damage    Failure   Level
 Freeze                   Ice            0%         1d3       94%         1
 Frozen Ramparts          Ice            0%         1d2       100%        3
 Hailstorm                Conj/Ice       0%         3d3       100%        4


Dungeon Overview and Level Annotations

Branches:
Dungeon (6/15)             Temple (1/1) D:4

Altars:
Ashenzari
Cheibriados
Dithmenos
Elyvilon
Fedhas
Gozag
Hepliaklqana
Makhleb
Nemelex Xobeh
Okawaru
Qazlal
Ru
Sif Muna
Uskayaw
Vehumet
Wu Jian
Xom
Yredelemnul
The Shining One

Shops:
D:2 (   D:3 =   D:5 *(


Innate Abilities, Weirdness & Mutations

You have a pair of horns on your head.
You reflexively headbutt those who attack you in melee.


Message History

The orc wizard flickers and vanishes!
Deactivating autopickup; reactivate with Ctrl-A.
The orc priest calls down the wrath of Beogh upon you.
You resist with some effort.
The orc priest hits you but does no damage.
The orc priest barely misses you. You furiously retaliate!
You headbutt the orc priest, but do no damage.
The orc priest closely misses you.
The orc priest calls down the wrath of Beogh upon you.
Beogh smites you!
You hear some strange, mumbled words.
A puff of flame appears from out of thin air!
The puff of flame hits you! The fire burns you terribly!
The orc priest closely misses you. You furiously retaliate!
You headbutt the orc priest! Something hits you but does no damage.
You slash something! Trog accepts your kill.
Trog appreciates your killing of a magic user.
Reactivating autopickup.
You feel a bit more experienced.
You closely miss the orc priest.
The orc priest hits you with a +0 hand axe.
* * * LOW HITPOINT WARNING * * *
You are too injured to fight recklessly!
The orc priest hits you but does no damage.
The orc priest calls down the wrath of Beogh upon you.
Beogh smites you!
* * * LOW HITPOINT WARNING * * *
The orc priest casts a cantrip, but nothing happens.
You see here a +0 club.
The orc priest calls down the wrath of Beogh upon you.
You resist with some effort.
Things that are here:
a +3 hand axe; a +0 robe The orc priest looks encouraged for a moment.
The orc priest mumbles some strange prayers to Beogh against you.
Pain shoots through your body!
* * * LOW HITPOINT WARNING * * *
The orc priest calls down the wrath of Beogh upon you.
Beogh smites you!
You die...

#'# #####.##.##.####.##
### #.# ##.........).#####
#..
#.#########..............#
#.# ........#
#..#.#####.###.# #..
#.#####.# #..#.#####.# #.#
###. #.# #.# #..#...o...#
#.# #.§.
#.#####.###..#...###.# #.#
#§#. #.............)..#
#.# #<# #§##
###########.##..@###.# #.#
##§## #..............#
#...# ################
#._.# #...# ##### #


You could see an orc priest.

Vanquished Creatures
  Duvessa (D:4)
  A black bear (D:4)
  An ogre (D:6)
  A centaur (D:6)
  A jelly (D:5)
  A scorpion (D:6)
  A wyvern skeleton (D:6)
  Dowan (D:4)
  4 wights (D:6)
  2 howler monkeys
  A centaur zombie (D:5)
  A bullfrog zombie (D:5)
  2 orc priests
  A hound (D:6)
  A bullfrog skeleton (D:5)
  A centaur skeleton (D:4)
  Jessica (D:3)
  2 iguanas
  An orc wizard (D:6)
  Robin (D:2)
  A howler monkey zombie (D:5)
  4 adders
  A shadow imp (D:6)
  5 worms (D:5)
  4 dart slugs
  4 orcs (D:5)
  2 ball pythons
  7 bats
  8 endoplasms
  A giant cockroach (D:1)
  12 goblins
  16 hobgoblins
  10 jackals
  6 quokkas
  4 frilled lizards
  5 kobolds
  5 rats
121 creatures vanquished.

Notes
Turn   | Place    | Note
-------+----------+-------------------------------------------
     0 | D:1      | floorwaxer2 the Minotaur Berserker began the quest for the
                  | Orb.
     0 | D:1      | Reached XP level 1. HP: 19/19 MP: 0/0
   308 | D:1      | Reached skill level 4 in Axes
   308 | D:1      | Reached XP level 2. HP: 27/27 MP: 1/1
  1068 | D:1      | Reached XP level 3. HP: 32/33 MP: 2/2
  1981 | D:2      | Reached ** piety under Trog
  2126 | D:2      | Noticed Robin
  2141 | D:2      | Killed Robin
  2142 | D:2      | Reached XP level 4. HP: 34/41 MP: 3/3
  2209 | D:2      | Found Runegaga's Antique Weapon Shoppe.
  2254 | D:2      | Found a faded altar of an unknown god.
  2323 | D:2      | Reached skill level 5 in Axes
  2867 | D:3      | Found Butuanua's Jewellery Shoppe.
  3327 | D:3      | Noticed Jessica
  3334 | D:3      | Killed Jessica
  3758 | D:3      | Identified a scroll of acquirement
  3758 | D:3      | Acquired the +1 hat "Xepyelu" {Dex+3}
  3987 | D:4      | Reached XP level 5. HP: 47/47 MP: 4/4
  4041 | D:4      | Noticed Duvessa
  4042 | D:4      | Noticed Dowan
  4308 | D:4      | Killed Duvessa
  4309 | D:4      | Reached skill level 6 in Axes
  4459 | D:4      | Killed Dowan
  4460 | D:4      | Reached XP level 6. HP: 42/53 MP: 5/5
  4777 | D:4      | Found a staircase to the Ecumenical Temple.
  5169 | Temple   | Entered the Ecumenical Temple
  5432 | D:5      | Entered Level 5 of the Dungeon
  5446 | D:4      | Reached skill level 7 in Axes
  5576 | D:5      | Reached skill level 5 in Armour
  5618 | D:5      | Reached *** piety under Trog
  5633 | D:5      | Found Pyewytit's General Store.
  5663 | D:5      | Reached XP level 7. HP: 57/60 MP: 6/6
  5687 | D:5      | Found Peoxast's Antique Weapon Shop.
  5705 | D:5      | Bought a runed broad axe for 175 gold pieces
  5739 | D:5      | Reached skill level 5 in Fighting
  5968 | D:5      | Found a shadowy altar of Dithmenos.
  6345 | D:6      | Reached skill level 8 in Axes
  6379 | D:6      | Found an opulent altar of Gozag.
  6481 | D:6      | Identified the +2 war axe of Zidentew {vorpal, Int+6}
  6522 | D:6      | Found a hazy altar of Hepliaklqana.
  6648 | D:6      | Reached XP level 8. HP: 58/69 MP: 7/7
  6763 | D:6      | Reached skill level 9 in Axes
  7063 | D:6      | Killed from afar by an orc priest

Illustrated notes

Levels and vault maps discovered:
D:1:      dpeg_arrival_oval, layout_loops_corners
D:2:      layout_basic, serial_shops, nicolae_shop_behind_doors,
          ebering_ecumenical_altar_mist, uniq_robin
D:3:      layout_basic, serial_shops, nicolae_shop_crystal, uniq_jessica
D:4:      layout_basic, minmay_temple_entry_glassed_door, uniq_duvessa
D:5:      nicolae_cairo_tiling_very_big, layout_rooms,
          nicolae_dithmenos_through_a_glass_darkly, serial_shops,
          nicolae_shop_behind_doors, kennysheep_mini_moat, nicolae_wormholes
D:6:      layout_loops_ring, pdpol_temple_overflow_zin_treasury_gozag_greed,
          nzn_hepliaklqana_mist_gate, kennysheep_big_empty_room, st_stairs_13,
          minmay_crystal_water, kennysheep_generic_room_12
Temple:   regret_index_temple_sphere_string

Skill      XL: |  1  2  3  4  5  6  7  8 |
---------------+-------------------------+-----
Axes           | 4 5 6 7 8 9 |  9.5
Fighting       | 4 5 |  5.5
Dodging        | 3 |  3.4
Armour         | 3 4 5 6 |  6.9
Stealth        | |  0.5

Action                   |  1- 3 |  4- 6 |  7- 9 || total
-------------------------+-------+-------+-------++-------
Melee: Hand axe          |   100 |   145 |       ||   245
       Headbutt          |    18 |    22 |    14 ||    54
       Punch             |       |     3 |     1 ||     4
       Broad axe         |       |       |    40 ||    40
       War axe           |       |       |    38 ||    38
Invok: Berserk           |     2 |     3 |     1 ||     6
       Trog's Hand       |       |       |     1 ||     1
  Use: Scroll            |     3 |     2 |     1 ||     6
       Potion            |       |     3 |       ||     3
Armor: Animal skin       |     9 |       |       ||     9
       Plate armour      |    25 |    59 |       ||    84
       Chain mail        |       |    45 |    44 ||    89
Dodge: Dodged            |    47 |    66 |    43 ||   156
